 Dungeon Crawl Stone Soup version 0.31-a0-174-g85c54bcb58 (webtiles) character file.

Game seed: 17387380804828936400

2072 qw the Skirmisher (level 9, -4/82 HPs)
             Began as a Naga Hunter on June 15, 2023.
             Was a Follower of Okawaru.
             Killed from afar by Maggie (36 damage)
             ... with a bolt of fire
             ... on level 7 of the Dungeon.
             The game lasted 00:02:20 (5351 turns).

qw the Skirmisher (Naga Hunter)                     Turns: 5351, Time: 00:02:20

Health: -4/82      AC:  7    Str: 19    XL:     9   Next: 26%
Magic:  10/11      EV: 15    Int:  9    God:    Okawaru [*.....]
Gold:   18         SH:  0    Dex: 20    Spells: 8/8 levels left

rFire   . . .        Y - +2 shortbow (freeze)
rCold   . . .        (shield currently unavailable)
rNeg    + + .        i - +0 troll leather armour
rPois   +            (no helmet)
rElec   .            d - +0 cloak
rCorr   .            (no gloves)
SInv    +            (no barding)
Will    +....        (no amulet)
Stlth   +++          b - ring of Xacweaw {*Slow +Blink rN++ Str+6 SInv}
HPRegen 1.13/turn    (no ring)
MPRegen 0.12/turn

%: slow self (1%)
@: heroic, very slow
A: AC +3, large, see invisible, deformed body, poison resistance, slowness 2,
spit poison 1, naga tail 1
a: Spit Poison, Renounce Religion, Evoke Blink, Heroism


You were on level 7 of the Dungeon.
You worshipped Okawaru.
Okawaru was aware of your devotion.
You visited 2 branches of the dungeon, and saw 8 of its levels.

You collected 271 gold pieces.
You spent 253 gold pieces at shops.


Innate Abilities, Weirdness & Mutations

Your serpentine skin is tough. (AC +3)
You have supernaturally acute eyesight. (SInv)
Armour fits poorly on your strangely shaped body.
Your system is resistant to poisons. (rPois)
You cover ground very slowly.
You can spit poison.
You have a snake-like lower body.


   Skills:
 - Level 6.0(11.0) Fighting
 - Level 9.1(14.1) Ranged Weapons
 + Level 0.0(5.0) Armour
 - Level 3.4(8.4) Dodging
 - Level 1.5(6.5) Stealth
 + Level 3.7 Invocations


You had 8 spell levels left.
You didn't know any spells.
Your spell library was empty.

Inventory:

Hand Weapons
 Y - a +2 shortbow of freezing (weapon)
Armour
 d - a +0 cloak (worn)
 i - a +0 troll leather armour (worn)
Jewellery
 b - the ring of Xacweaw (left hand) {*Slow +Blink rN++ Str+6 SInv}
   (You acquired it on level 2 of the Dungeon)

   [ring of strength]

   Str:       It affects your strength (+6).
   rN:        It greatly protects you from negative energy.
   SInv:      It lets you see invisible.
   +Blink:    It lets you blink.
   *Slow:     It may slow you when you take damage.
Scrolls
 f - a scroll of identify
 g - a scroll of teleportation
Potions
 a - a potion of haste
 j - a potion of berserk rage {unknown}

Dungeon Overview and Level Annotations

Branches:
Dungeon (7/15)             Temple (1/1) D:5

Altars:
Ashenzari
Cheibriados
Dithmenos
Elyvilon
Fedhas
Gozag
Hepliaklqana
Kikubaaqudgha
Makhleb
Nemelex Xobeh
Okawaru
Qazlal
Ru
Sif Muna
Trog
Uskayaw
Vehumet
Wu Jian
Xom
Yredelemnul
Zin
The Shining One

Shops:
D:2 ([[[[   D:6 *

Annotations:
D:3 2 transporters
D:7 Dowan, Duvessa, Maggie


Message History

Maggie hits you from afar with a +1 halberd of flaming!
Maggie burns you.
You shoot an arrow.
The arrow hits Maggie but does no damage.
Maggie is moderately wounded.
Maggie zaps a wand.
The puff of flame misses you.
You shoot an arrow.
The arrow hits Maggie but does no damage.
Maggie is moderately wounded.
Maggie closely misses you.
You shoot an arrow. The arrow hits Maggie!
The arrow freezes Maggie.
Maggie is heavily wounded.
You have got your breath back.
5345 ||| INVOKING Spit Poison.
Aiming: Spit Poison (1% risk of failure)
Press: ? - help, Shift-Dir - straight line, f/p - Maggie The splash of poison hits Maggie but does no damage.
Maggie is heavily wounded.
Maggie zaps a wand.
The puff of flame hits you.
You shoot an arrow. The arrow hits Maggie!
The arrow freezes Maggie.
Maggie is severely wounded.
Maggie mumbles some strange words.
Maggie attempts to bespell you!
You easily resist.
You shoot an arrow. The arrow closely misses Maggie.
Maggie hits you from afar with a +1 halberd of flaming!
Maggie burns you.
You shoot an arrow.
The arrow hits Maggie but does no damage.
Maggie is severely wounded.
Maggie zaps a wand.
The puff of flame hits you!
You shoot an arrow. The arrow closely misses Maggie.
You shoot an arrow.
The arrow hits Maggie but does no damage.
Maggie is severely wounded.
Maggie completely misses you.
You shoot an arrow. The arrow barely misses Maggie.
You have got your breath back.
Maggie gestures at you while chanting. The bolt of fire hits you!!!
You die...

# #. #
##.#####.####
#.....@.@..e.
##....#......
#.##@# ..##.
#. #.# e..
#.##.# .##
##....# #
#...<.#
#........#
#.....#..#
#<..#...>#
###.#....#


You could see Maggie.

Vanquished Creatures
  Prince Ribbit (D:6)
  Grinder (D:6)
  A hornet zombie (D:6)
  2 ogres
  A centaur (D:6)
  A phantom (D:5)
  Blork the orc (D:6)
  A bullfrog (D:6)
  2 scorpions (D:5)
  A bullfrog zombie (D:6)
  2 centaur zombies (D:6)
  3 hounds (D:6)
  2 orc priests
  3 centaur skeletons (D:6)
  A gnoll bouda (D:6)
  3 sleepcaps
  4 iguanas
  Ijyb (D:3)
  6 orc wizards
  8 gnolls (D:6)
  8 adders
  3 worms
  31 orcs
  5 ball pythons
  12 bats
  10 endoplasms
  4 giant cockroaches (D:1)
  12 goblins
  3 hobgoblins
  6 jackals (D:1)
  A quokka (D:5)
  3 frilled lizards
  2 kobolds
  8 rats
153 creatures vanquished.

Notes
Turn   | Place    | Note
-------+----------+-------------------------------------------
     0 | D:1      | qw the Naga Hunter began the quest for the Orb.
     0 | D:1      | Reached XP level 1. HP: 19/19 MP: 1/1
     0 | D:1      | 0 ||| qw: Version: 0.2-a-29-g511e9b1
     0 | D:1      | 0 ||| qw: Game counter: 5573
     0 | D:1      | 0 ||| qw: Always use a shield: true
     0 | D:1      | 0 ||| qw: God list: Okawaru
     0 | D:1      | 0 ||| qw: Allow faded altars: false
     0 | D:1      | 0 ||| qw: Do Orc after D:15 true
     0 | D:1      | 0 ||| qw: Do second Lair branch before Depths: true
     0 | D:1      | 0 ||| qw: Lair rune preference: random
     0 | D:1      | 0 ||| qw: Plans: Normal
     0 | D:1      | 0 ||| PLANNING D:1-11
    62 | D:1      | 62 ||| INVOKING Spit Poison.
    68 | D:1      | 68 ||| INVOKING Spit Poison.
    68 | D:1      | HP: 4/19 [goblin/+0 club (5)]
    71 | D:1      | Reached skill level 4 in Ranged Weapons
    71 | D:1      | Reached XP level 2. HP: 5/26 MP: 2/2
    71 | D:1      | 71 ||| INVOKING Spit Poison.
   182 | D:1      | 182 ||| INVOKING Spit Poison.
   219 | D:1      | 219 ||| INVOKING Spit Poison.
   242 | D:1      | 242 ||| INVOKING Spit Poison.
   245 | D:1      | 245 ||| INVOKING Spit Poison.
   282 | D:1      | 282 ||| INVOKING Spit Poison.
   307 | D:1      | 307 ||| INVOKING Spit Poison.
   357 | D:1      | 357 ||| INVOKING Spit Poison.
   446 | D:1      | 446 ||| INVOKING Spit Poison.
   477 | D:1      | 477 ||| INVOKING Spit Poison.
   478 | D:1      | Reached XP level 3. HP: 32/32 MP: 3/3
   494 | D:1      | 494 ||| INVOKING Spit Poison.
   506 | D:1      | 506 ||| INVOKING Spit Poison.
   579 | D:1      | 579 ||| INVOKING Spit Poison.
   596 | D:1      | 596 ||| INVOKING Spit Poison.
   961 | D:1      | 961 ||| READING scroll labelled QOZIOK XOGRIOMUEC.
   962 | D:1      | 962 ||| READING scroll labelled ELUEHIC HOWUFUORGH.
   963 | D:1      | 963 ||| DRINKING 3 pink potions.
   964 | D:1      | 964 ||| DROPPING scroll of butterflies.
  1026 | D:2      | Found Yffofash's Antique Armour Emporium.
  1031 | D:2      | 1031 ||| INVOKING Spit Poison.
  1034 | D:2      | 1034 ||| SHOPLISTING bloodstained ring mail (225 gold, have
                  | 62).
  1034 | D:2      | 1034 ||| SHOPLISTING runed cloak (187 gold, have 62).
  1034 | D:2      | 1034 ||| SHOPLISTING runed robe (92 gold, have 62).
  1034 | D:2      | 1034 ||| SHOPLISTING shiny helmet (187 gold, have 62).
  1037 | D:2      | Found Ykhloidi's Armour Emporium.
  1049 | D:2      | 1049 ||| SHOPLISTING +0 barding (299 gold, have 62).
  1049 | D:2      | 1049 ||| BUYING +0 cloak (58 gold).
  1049 | D:2      | Bought a +0 cloak for 58 gold pieces
  1167 | D:2      | 1167 ||| INVOKING Spit Poison.
  1184 | D:2      | 1184 ||| INVOKING Spit Poison.
  1199 | D:2      | Found Zeri's Antique Armour Emporium.
  1205 | D:2      | 1205 ||| SHOPLISTING ichor-stained robe (136 gold, have
                  | 28).
  1207 | D:2      | 1207 ||| INVOKING Spit Poison.
  1241 | D:2      | 1241 ||| INVOKING Spit Poison.
  1245 | D:2      | 1245 ||| INVOKING Spit Poison.
  1248 | D:2      | 1248 ||| INVOKING Spit Poison.
  1251 | D:2      | 1251 ||| INVOKING Spit Poison.
  1266 | D:2      | Found a shadowy altar of Dithmenos.
  1272 | D:2      | Found Lying's Antique Armour Shop.
  1287 | D:2      | Found Jesit Cara's Weapon Shop.
  1293 | D:2      | 1293 ||| SHOPLISTING +5 antimagic orcbow (375 gold, have
                  | 43).
  1311 | D:2      | 1311 ||| INVOKING Spit Poison.
  1452 | D:2      | 1452 ||| INVOKING Spit Poison.
  1474 | D:2      | 1474 ||| INVOKING Spit Poison.
  1483 | D:2      | 1483 ||| INVOKING Spit Poison.
  1505 | D:2      | Found a faded altar of an unknown god.
  1601 | D:2      | 1601 ||| UPGRADING to +0 cloak.
  1606 | D:2      | 1606 ||| READING scroll labelled YKHUF DUKURU.
  1606 | D:2      | Identified a scroll of acquirement
  1606 | D:2      | 1606 ||| ACQUIRING ring of Xacweaw {*Slow +Blink rN++ Str+6
                  | SInv}
  1606 | D:2      | Acquired the ring of Xacweaw {*Slow +Blink rN++ Str+6 SInv}
  1608 | D:2      | 1608 ||| UPGRADING to ring of Xacweaw {*Slow +Blink rN++
                  | Str+6 SInv}.
  1609 | D:2      | 1609 ||| READING 2 scrolls labelled BUSCHY ZEURAXT.
  1669 | D:3      | 1669 ||| INVOKING Spit Poison.
  1679 | D:3      | Noticed Ijyb
  1682 | D:3      | 1682 ||| INVOKING Spit Poison.
  1686 | D:3      | 1686 ||| INVOKING Spit Poison.
  1687 | D:3      | Killed Ijyb
  1688 | D:3      | Reached skill level 5 in Ranged Weapons
  1688 | D:3      | Reached XP level 4. HP: 35/39 MP: 4/4
  1714 | D:3      | Found a sacrificial altar of Ru.
  1730 | D:3      | 1730 ||| INVOKING Spit Poison.
  1736 | D:3      | 1736 ||| INVOKING Spit Poison.
  1750 | D:3      | Found a sparkling altar of Nemelex Xobeh.
  1751 | D:3      | Found a snail-covered altar of Cheibriados.
  1755 | D:3      | Found a shimmering altar of Xom.
  1756 | D:3      | Found an opulent altar of Gozag.
  1788 | D:3      | 1788 ||| DRINKING 2 potions of curing.
  1788 | D:3      | 1788 ||| (to cure confusion)
  1789 | D:3      | 1789 ||| INVOKING Spit Poison.
  1791 | D:3      | 1791 ||| DRINKING potion of curing.
  1791 | D:3      | 1791 ||| (to cure confusion)
  1794 | D:3      | 1794 ||| INVOKING Spit Poison.
  1798 | D:3      | 1798 ||| INVOKING Spit Poison.
  1810 | D:3      | 1810 ||| INVOKING Spit Poison.
  1815 | D:3      | Reached XP level 5. HP: 48/48 MP: 5/5
  1819 | D:3      | 1819 ||| INVOKING Spit Poison.
  1820 | D:3      | Reached skill level 3 in Fighting
  1836 | D:3      | Found a transporter.
  1897 | D:3      | Found a transporter.
  1929 | D:3      | 1929 ||| INVOKING Spit Poison.
  1933 | D:3      | 1933 ||| INVOKING Spit Poison.
  1937 | D:3      | 1937 ||| INVOKING Spit Poison.
  1990 | D:3      | 1990 ||| INVOKING Spit Poison.
  1994 | D:3      | 1994 ||| INVOKING Spit Poison.
  2022 | D:3      | 2022 ||| INVOKING Spit Poison.
  2051 | D:3      | 2051 ||| INVOKING Spit Poison.
  2054 | D:3      | 2054 ||| INVOKING Spit Poison.
  2076 | D:3      | 2076 ||| INVOKING Spit Poison.
  2085 | D:3      | 2085 ||| INVOKING Spit Poison.
  2282 | D:3      | 2282 ||| UPGRADING to +1 robe of positive energy.
  2292 | D:3      | 2292 ||| DROPPING +0 leather armour.
  2293 | D:3      | 2293 ||| READING 2 scrolls labelled SUTZAE TIONUTU.
  2294 | D:3      | 2294 ||| READING scroll of enchant weapon.
  2294 | D:3      | 2294 ||| ENCHANTING +1 shortbow.
  2295 | D:3      | 2295 ||| READING scroll labelled CIEVA QEAT.
  2316 | D:4      | 2316 ||| INVOKING Spit Poison.
  2331 | D:4      | Noticed an ogre
  2334 | D:4      | 2334 ||| INVOKING Spit Poison.
  2337 | D:4      | Killed an ogre
  2338 | D:4      | Reached skill level 6 in Ranged Weapons
  2338 | D:4      | Reached XP level 6. HP: 56/56 MP: 6/6
  2349 | D:4      | 2349 ||| INVOKING Spit Poison.
  2368 | D:4      | 2368 ||| INVOKING Spit Poison.
  2398 | D:4      | 2398 ||| INVOKING Spit Poison.
  2402 | D:4      | 2402 ||| INVOKING Spit Poison.
  2405 | D:4      | 2405 ||| INVOKING Spit Poison.
  2412 | D:4      | 2412 ||| INVOKING Spit Poison.
  2482 | D:4      | 2482 ||| INVOKING Spit Poison.
  2532 | D:4      | 2532 ||| INVOKING Spit Poison.
  2733 | D:4      | 2733 ||| INVOKING Spit Poison.
  2769 | D:4      | 2769 ||| INVOKING Spit Poison.
  2872 | D:4      | 2872 ||| READING scroll labelled ZAORGH NAIFROAL.
  2908 | D:5      | Entered Level 5 of the Dungeon
  2936 | D:5      | 2936 ||| INVOKING Spit Poison.
  2940 | D:5      | 2940 ||| INVOKING Spit Poison.
  3021 | D:5      | 3021 ||| INVOKING Spit Poison.
  3027 | D:5      | 3027 ||| INVOKING Spit Poison.
  3031 | D:5      | 3031 ||| INVOKING Spit Poison.
  3034 | D:5      | 3034 ||| INVOKING Spit Poison.
  3037 | D:5      | 3037 ||| INVOKING Spit Poison.
  3096 | D:5      | 3096 ||| INVOKING Spit Poison.
  3102 | D:5      | 3102 ||| INVOKING Spit Poison.
  3105 | D:5      | 3105 ||| INVOKING Spit Poison.
  3113 | D:5      | 3113 ||| INVOKING Spit Poison.
  3120 | D:5      | 3120 ||| INVOKING Spit Poison.
  3123 | D:5      | Reached XP level 7. HP: 42/64 MP: 7/7
  3321 | D:5      | 3321 ||| INVOKING Spit Poison.
  3331 | D:5      | 3331 ||| INVOKING Spit Poison.
  3333 | D:5      | 3333 ||| Stepping ~*~*~tactically~*~*~ (outnumbered).
  3335 | D:5      | 3335 ||| INVOKING Spit Poison.
  3359 | D:5      | 3359 ||| INVOKING Spit Poison.
  3362 | D:5      | Reached skill level 7 in Ranged Weapons
  3367 | D:5      | 3367 ||| INVOKING Spit Poison.
  3393 | D:5      | Found a staircase to the Ecumenical Temple.
  3394 | D:5      | 3394 ||| PLANNING TEMPLE
  3394 | D:5      | 3394 ||| INVOKING Spit Poison.
  3396 | D:5      | 3396 ||| DRINKING 2 fizzy inky potions.
  3402 | D:5      | 3402 ||| DRINKING 2 bubbling pink potions.
  3403 | D:5      | 3403 ||| DRINKING 2 inky potions.
  3404 | D:5      | 3404 ||| READING 2 scrolls of identify.
  3404 | D:5      | 3404 ||| IDENTIFYING golden potion
  3405 | D:5      | 3405 ||| DROPPING potion of ambrosia.
  3406 | D:5      | 3406 ||| DROPPING potion of enlightenment.
  3415 | D:5      | 3415 ||| INVOKING Spit Poison.
  3422 | D:5      | 3422 ||| INVOKING Spit Poison.
  3425 | D:5      | 3425 ||| INVOKING Spit Poison.
  3428 | Temple   | Entered the Ecumenical Temple
  3497 | Temple   | 3497 ||| PLANNING OKAWARU WORSHIP
  3529 | Temple   | Became a worshipper of Warmaster Okawaru
  3530 | Temple   | 3530 ||| PLANNING D:1-11
  3560 | D:5      | 3560 ||| INVOKING Spit Poison.
  3631 | D:5      | Found a broken altar of Ashenzari.
  3634 | D:5      | 3634 ||| INVOKING Spit Poison.
  3637 | D:5      | 3637 ||| INVOKING Spit Poison.
  3903 | D:5      | 3903 ||| READING scroll labelled BODUHAERAD.
  3920 | D:6      | 3920 ||| PLANNING SEWER
  3952 | D:6      | 3952 ||| Stepping ~*~*~tactically~*~*~ (outnumbered).
  3953 | D:6      | 3953 ||| INVOKING Spit Poison.
  3959 | D:6      | 3959 ||| INVOKING Spit Poison.
  4021 | D:6      | 4021 ||| INVOKING Spit Poison.
  4028 | D:6      | 4028 ||| INVOKING Spit Poison.
  4029 | D:6      | HP: 16/64 [gnoll/+0 halberd (3)]
  4030 | D:6      | 4030 ||| DRINKING potion of heal wounds.
  4032 | D:6      | 4032 ||| INVOKING Spit Poison.
  4035 | D:6      | Reached skill level 8 in Ranged Weapons
  4035 | D:6      | Reached XP level 8. HP: 40/72 MP: 8/8
  4038 | D:6      | 4038 ||| INVOKING Spit Poison.
  4042 | D:6      | 4042 ||| INVOKING Spit Poison.
  4049 | D:6      | HP: 17/73 [sleepcap (20)]
  4284 | D:6      | 4284 ||| INVOKING Spit Poison.
  4287 | D:6      | 4287 ||| INVOKING Spit Poison.
  4307 | D:6      | 4307 ||| INVOKING Spit Poison.
  4310 | D:6      | 4310 ||| INVOKING Spit Poison.
  4317 | D:6      | Noticed Prince Ribbit
  4318 | D:6      | 4318 ||| INVOKING Spit Poison.
  4322 | D:6      | 4322 ||| INVOKING Spit Poison.
  4325 | D:6      | 4325 ||| INVOKING Spit Poison.
  4328 | D:6      | 4328 ||| INVOKING Spit Poison.
  4328 | D:6      | Killed Prince Ribbit
  4328 | D:6      | Reached * piety under Okawaru
  4379 | D:6      | Noticed Grinder
  4380 | D:6      | 4380 ||| INVOKING Heroism.
  4388 | D:6      | Reached skill level 1 in Invocations
  4394 | D:6      | 4394 ||| INVOKING Heroism.
  4402 | D:6      | Reached skill level 9 in Ranged Weapons
  4403 | D:6      | Killed Grinder
  4404 | D:6      | Reached skill level 3 in Dodging
  4419 | D:6      | 4419 ||| INVOKING Heroism.
  4421 | D:6      | Reached XP level 9. HP: 55/81 MP: 5/10
  4499 | D:6      | 4499 ||| RIP SEWER
  4500 | D:6      | 4500 ||| PLANNING D:1-11
  4615 | D:6      | 4615 ||| INVOKING Spit Poison.
  4637 | D:6      | 4637 ||| INVOKING Spit Poison.
  4642 | D:6      | 4642 ||| INVOKING Spit Poison.
  4655 | D:6      | 4655 ||| INVOKING Spit Poison.
  4773 | D:6      | 4773 ||| INVOKING Spit Poison.
  4779 | D:6      | 4779 ||| INVOKING Spit Poison.
  4865 | D:6      | 4865 ||| Stepping ~*~*~tactically~*~*~ (outnumbered).
  4866 | D:6      | 4866 ||| Stepping ~*~*~tactically~*~*~ (outnumbered).
  4868 | D:6      | 4868 ||| INVOKING Heroism.
  4869 | D:6      | 4869 ||| INVOKING Spit Poison.
  4870 | D:6      | 4870 ||| Stepping ~*~*~tactically~*~*~ (outnumbered).
  4873 | D:6      | 4873 ||| Stepping ~*~*~tactically~*~*~ (outnumbered).
  4874 | D:6      | 4874 ||| INVOKING Spit Poison.
  4877 | D:6      | Reached skill level 3 in Invocations
  4883 | D:6      | 4883 ||| INVOKING Spit Poison.
  4886 | D:6      | Reached skill level 6 in Fighting
  4993 | D:6      | Found Tabipluoff's Tempting Trifles.
  4999 | D:6      | 4999 ||| BUYING +0 troll leather armour (195 gold).
  4999 | D:6      | Bought a +0 troll leather armour for 195 gold pieces
  4999 | D:6      | 4999 ||| SHOPLISTING scroll of teleportation (39 gold, have
                  | 18).
  5009 | D:6      | Noticed Blork the orc
  5010 | D:6      | 5010 ||| INVOKING Heroism.
  5011 | D:6      | 5011 ||| INVOKING Spit Poison.
  5016 | D:6      | Killed Blork the orc
  5032 | D:6      | 5032 ||| UPGRADING to +0 troll leather armour.
  5042 | D:6      | 5042 ||| DROPPING +1 robe of positive energy.
  5044 | D:6      | 5044 ||| READING scroll labelled HOLEUSCHU EMAE.
  5045 | D:6      | 5045 ||| READING 2 scrolls of identify.
  5045 | D:6      | 5045 ||| IDENTIFYING viscous pink potion
  5046 | D:6      | 5046 ||| DROPPING potion of degeneration.
  5050 | D:6      | 5050 ||| INVOKING Spit Poison.
  5054 | D:6      | 5054 ||| INVOKING Spit Poison.
  5334 | D:7      | Noticed Maggie
  5334 | D:7      | Noticed Duvessa
  5335 | D:7      | 5335 ||| INVOKING Heroism.
  5336 | D:7      | 5336 ||| INVOKING Spit Poison.
  5336 | D:7      | Noticed Dowan
  5337 | D:7      | 5337 ||| Stepping ~*~*~tactically~*~*~ (outnumbered).
  5338 | D:7      | 5338 ||| Stepping ~*~*~tactically~*~*~ (outnumbered).
  5339 | D:7      | 5339 ||| INVOKING Spit Poison.
  5345 | D:7      | 5345 ||| INVOKING Spit Poison.
  5351 | D:7      | Killed from afar by Maggie

Levels and vault maps discovered:
D:1:      mainiacjoe_arrival_reflecting_pool, layout_basic, skrybe_limestone_x
D:2:      layout_loops_ring, serial_shops, shop, shop_fountains, shop,
          nicolae_shop_just_a_little_nook, shop,
          ebering_ecumenical_altar_abandoned, basic_altar
D:3:      gammafunk_wand_slinger, layout_basic, grunt_temple_overflow_open,
          hangedman_abyss_or_decor_stabs, guppyfry_early_lair_pool, uniq_ijyb
D:4:      layout_loops_ring
D:5:      minmay_spotlight, layout_loops_ring,
          mainiacjoe_overflow_surrounded_room, minmay_temple_entry_mist,
          minmay_misc_feat_secret_circle
D:6:      layout_basic, cheibrodos_sewer_entry_bend, serial_undead,
          serial_undead_e, serial_undead_e, serial_undead_e, serial_undead_a,
          nicolae_alphabet_shops, grunt_ministairs_5, uniq_blork_the_orc,
          uniq_grinder, uniq_prince_ribbit1
D:7:      kennysheep_six_static_rooms, layout_rooms, minmay_holes,
          dreamdust_princess_corridor, kennysheep_dice, uniq_maggie,
          uniq_duvessa
Temple:   nicolae_temple_superstar

Skill      XL: |  1  2  3  4  5  6  7  8  9 |
---------------+----------------------------+-----
Ranged Weapons | 4 5 6 8 9 |  9.1
Fighting       | 3 4 5 6 |  6.0
Dodging        | 2 3 |  3.4
Invocations    | 2 3 |  3.7
Stealth        | |  1.5

Action                     |  1- 3 |  4- 6 |  7- 9 || total
---------------------------+-------+-------+-------++-------
   Fire: Shortbow          |    71 |   141 |   186 ||   398
 Invoke: Heroism           |       |       |     6 ||     6
Ability: Spit Poison       |    31 |    41 |    42 ||   114
    Use: Scroll            |     4 |     4 |     4 ||    12
         Potion            |     1 |     2 |     4 ||     7
 Armour: Leather armour    |     2 |     6 |       ||     8
         Robe              |       |    13 |    20 ||    33
  Dodge: Dodged            |     9 |    24 |    62 ||    95

Table legend:
 A = Non-vault XP
 B = Vault XP
 C = Vault XP percentage of total XP
 D = Non-vault monster count
 E = Vault monster count
 F = Vault count percentage of total count
                 A         B        C        D         E       F
            +---------+---------+-------+---------+---------+-------
      Total |    1644 |    1317 |  44.5 |     133 |      20 |  13.1
            +---------+---------+-------+---------+---------+-------
        D:1 |      47 |       0 |   0.0 |      28 |       0 |   0.0
        D:2 |      23 |       0 |   0.0 |      15 |       0 |   0.0
        D:3 |     109 |      36 |  24.8 |      30 |       1 |   3.2
        D:4 |     213 |       0 |   0.0 |      17 |       0 |   0.0
        D:5 |     623 |       0 |   0.0 |      26 |       0 |   0.0
        D:6 |     629 |    1281 |  67.1 |      17 |      19 |  52.8
            +---------+---------+-------+---------+---------+-------
